 Dungeon Crawl Stone Soup version 0.28.0-45-g0d030f2227 (webtiles) character file.

Game seed: 12178244489277467670

87 issech the Cudgeller (level 4, 0/44 HPs)
             Began as a Troll Monk on Apr 24, 2022.
             Slain by a gnoll
             ... wielding a +0 spear
              (4 damage)
             ... on level 2 of the Dungeon.
             The game lasted 00:04:10 (1449 turns).

issech the Cudgeller (Troll Monk)                   Turns: 1449, Time: 00:04:10

Health: 0/44       AC:  4    Str: 19    XL:     4   Next: 28%
Magic:  3/3        EV: 10    Int:  6    God:
Gold:   28         SH:  0    Dex: 14    Spells: 3/3 levels left

rFire   . . .      SeeInvis .   d - +2 short sword (holy)
rCold   . . .      Faith    .   (no shield)
rNeg    . . .      Spirit   .   b - +0 robe
rPois   .          Reflect  .   (helmet restricted)
rElec   .          Harm     .   (no cloak)
rCorr   .          Rampage  .   (gloves unavailable)
Will    .....                   (boots unavailable)
Stlth   ++........              (no amulet)
HPRegen 0.94/turn               (no ring)
MPRegen 0.08/turn               (no ring)

@: no status effects
A: large, unfitting armour, claws 3, regeneration 1, shaggy fur 1, tough skin 1
a: no special abilities


You were on level 2 of the Dungeon.
You visited 1 branch of the dungeon, and saw 2 of its levels.

You collected 28 gold pieces.

Inventory:

Hand Weapons
 a - a +0 mace
 d - a +2 short sword of holy wrath (weapon)
Missiles
 c - 24 arrows
 f - 43 stones (quivered)
 j - 15 sling bullets
Armour
 b - a +0 robe (worn)
 g - a scarf of harm
Scrolls
 e - a scroll of fog {unknown}
 h - 2 scrolls of magic mapping {unknown}
 l - a scroll of enchant armour {unknown}
 m - 2 scrolls of identify {unknown}
 n - a scroll of holy word {unknown}
Potions
 i - a potion of flight {unknown}
 k - a potion of attraction {unknown}
 o - a potion of curing {unknown}


   Skills:
 + Level 2.9 Fighting
 + Level 1.2 Short Blades
 + Level 3.3 Maces & Flails
 + Level 3.0 Dodging
 + Level 1.0 Stealth


You had 3 spell levels left.
You didn't know any spells.
Your spell library contained the following spells:

 Spells                   Type           Power      Damage    Failure   Level
 Corpse Rot               Necr/Air       0%         N/A       58%         2
 Dispel Undead            Necr           0%         3d6       99%         4
 Death Channel            Necr           0%         N/A       100%        6


Dungeon Overview and Level Annotations

Branches:
Dungeon (2/15)

Altars:


Innate Abilities, Weirdness & Mutations

You are too large for most types of armour.
You have claws for hands.
Your natural rate of healing is unusually fast.
You are covered in fur. (AC +1)
You have tough skin. (AC +1)


Message History

The gnoll hits you with a +0 flail!
You struggle against the net.
The gnoll barely misses you.
The gnoll hits you from afar with a +0 spear.
The gnoll hits you but does no damage.
You rip the net and break free!
The gnoll barely misses you. x2
The gnoll hits you with a +0 flail. The gnoll hits you with a +0 flail.
You closely miss the gnoll.
The gnoll is moderately wounded.
The gnoll barely misses you.
You hit the gnoll but do no damage.
The gnoll is moderately wounded.
The gnoll hits you from afar with a +0 spear.
The gnoll misses you.
You barely miss the gnoll.
The gnoll is moderately wounded.
The gnoll hits you from afar with a +0 spear.
* * * LOW HITPOINT WARNING * * *
The gnoll closely misses you.
The gnoll hits you from afar with a +0 spear.
* * * LOW HITPOINT WARNING * * *
You hit the gnoll.
The gnoll is heavily wounded.
The gnoll barely misses you. The gnoll hits you with a +0 flail!
* * * LOW HITPOINT WARNING * * *
You puncture the gnoll!
You kill the gnoll!
You throw a stone. The stone barely misses the gnoll.
The stone closely misses the gnoll.
The gnoll hits you with a +0 spear.
You closely miss the gnoll. The gnoll barely misses you.
The gnoll hits you with a +0 halberd! The gnoll hits you with a +0 spear!
You hit the gnoll.
The gnoll is moderately wounded.
The gnoll hits you with a +0 halberd. The gnoll hits you with a +0 spear!
* * * LOW HITPOINT WARNING * * *
The gnoll hits you with a +0 halberd!
* * * LOW HITPOINT WARNING * * *
The gnoll hits you from afar with a +0 spear.
You die...

#.# ##### ########### #.# ##..<##
#....).....
#.###########.....####..##.#####
#.#.......<........##...........
##.#<#######.........#...##.#####
.....................#.g.##.#
##.......#.#..g......#...##.#
###.#####......g........##.#####
###...######.#..@..#.....#.#.....
.............##...##.....##.#####
###...######)#######.########
##.########.## ##.##
#........†..###.##
############...## #####


You could see 2 gnolls.

Vanquished Creatures
  A hound (D:2)
  A gnoll (D:2)
  An adder (D:2)
  A worm (D:2)
  A dart slug (D:2)
  4 ball pythons
  2 endoplasms (D:1)
  A giant cockroach (D:2)
  3 hobgoblins
  2 quokkas
  4 frilled lizards (D:1)
  3 goblins (D:1)
  6 kobolds (D:1)
  7 rats
37 creatures vanquished.

Notes
Turn   | Place    | Note
-------+----------+-------------------------------------------
     0 | D:1      | issech the Troll Monk began the quest for the Orb.
     0 | D:1      | Reached XP level 1. HP: 22/22 MP: 0/0
   279 | D:1      | Reached XP level 2. HP: 29/29 MP: 1/1
   855 | D:2      | Reached XP level 3. HP: 26/36 MP: 2/2
  1257 | D:2      | Reached skill level 1 in Short Blades
  1257 | D:2      | Reached XP level 4. HP: 36/44 MP: 3/3
  1384 | D:2      | Found a faded altar of an unknown god.
  1405 | D:2      | HP: 2/44 [gnoll/+0 flail (12)]
  1449 | D:2      | Slain by a gnoll

Illustrated notes

Levels and vault maps discovered:
D:1:      dpeg_arrival_rooms_a, layout_rooms, patterned_corridor
D:2:      layout_loops_ring, shapermc_ecumenical_altar_mp_highgroup

Skill      XL: |  1  2  3 |
---------------+----------+-----
Maces & Flails | 3 |  3.3
Dodging        | 3 |  3.0
Short Blades   | 1 |  1.2
Fighting       | |  2.9
Stealth        | |  1.0

Action                   |  1- 3 |  4- 6 || total
-------------------------+-------+-------++-------
Melee: Mace              |    16 |       ||    16
       Short sword       |    71 |    15 ||    86
Throw: Stone             |       |     1 ||     1
Armor: Robe              |    39 |     2 ||    41
Dodge: Dodged            |    45 |    14 ||    59
